 Dungeon Crawl Stone Soup version 0.30.0-16-gbe6223bb7e (webtiles) character file.

Game seed: 4333544763212599538

255 Esekla the Vexing (level 5, -1/38 HPs)
             Began as a Demonspawn Enchanter on May 20, 2023.
             Slain by an ogre (13 damage)
             ... on level 5 of the Dungeon.
             The game lasted 00:23:29 (3933 turns).

Esekla the Vexing (Demonspawn Enchanter)            Turns: 3933, Time: 00:23:30

Health: -1/38      AC:  2    Str:  8    XL:     5   Next: 91%
Magic:  3/9        EV: 17    Int: 18    God:
Gold:   199        SH:  0    Dex: 14    Spells: 6/10 levels left

rFire   . . .        a - +1 dagger
rCold   . . .        (no shield)
rNeg    . . .        b - +0 robe
rPois   .            (no helmet)
rElec   .            (no cloak)
rCorr   .            (no gloves)
SInv    .            (no boots)
Will    .....        (no amulet)
Stlth   ++           (no ring)
HPRegen 0.26/turn    (no ring)
MPRegen 0.11/turn

%: repel missiles
@: no status effects
A: hooves 1, repulsion field 3
a: no special abilities


You were on level 5 of the Dungeon.
You visited 1 branch of the dungeon, and saw 5 of its levels.

You collected 199 gold pieces.

Inventory:

Hand Weapons
 a - a +1 dagger (weapon)
 r - a +0 spear
Missiles
 t - 5 curare-tipped darts
 u - 2 poisoned darts (quivered)
Armour
 b - a +0 robe (worn)
Magical Staves
 v - a staff of conjuration
Scrolls
 e - a scroll of enchant weapon {unknown}
 l - a scroll of fear {unknown}
 m - a scroll of summoning
 o - a scroll of noise {unknown}
 p - a scroll of vulnerability {unknown}
 s - a scroll of brand weapon {unknown}
Potions
 c - a potion of invisibility
 d - a potion of attraction {unknown}
 g - a potion of lignification {unknown}
 h - a potion of brilliance
 i - 2 potions of heal wounds {unknown}
 j - a potion of curing
 n - a potion of ambrosia {unknown}
 q - a potion of magic {unknown}


   Skills:
 * Level 2.0 Fighting
 + Level 2.0 Short Blades
 + Level 0.3 Throwing
 + Level 2.9 Dodging
 + Level 3.3 Stealth
 * Level 3.2 Spellcasting
 + Level 3.5 Hexes
 + Level 0.7 Translocations


You had 6 spell levels left.
You knew the following spells:

 Your Spells              Type           Power      Damage    Failure   Level
p - Apportation           Tloc           10%        N/A       12%         1
t - Tukima's Dance        Hex            15%        N/A       11%         3

Your spell library contained the following spells:

 Spells                   Type           Power      Damage    Failure   Level
 Confusing Touch          Hex            15%        N/A       11%         3
 Ensorcelled Hibernation  Hex/Ice        18%        N/A       12%         2
 Dazzling Flash           Conj/Hex       18%        N/A       24%         3
 Alistair's Intoxication  Tmut/Pois      1%         N/A       99%         5


Dungeon Overview and Level Annotations

Branches:
Dungeon (5/15)
 Temple: D:4-7

Altars:
Nemelex Xobeh
Uskayaw


Innate Abilities, Weirdness & Mutations

You have large cloven feet.
You are surrounded by a strong repulsion field. (EV +4, RMsl)


Message History

You feel sick.
You are no longer poisoned.
The adder misses you. The adder closely misses you.
You miss the adder. You kick the adder, but do no damage.
The adder is almost dead.
The adder closely misses you.
You closely miss the adder.
The adder is almost dead.
The adder closely misses you.
You closely miss the adder.
The adder is almost dead.
The adder bites you but does no damage.
You hit the adder.
You kill the adder!
The black bear attacks as you move away!
The black bear misses you. The black bear claws you.
* * * LOW HITPOINT WARNING * * *
The black bear misses you.
Blink to where?
Press: ? - help, Dir - move target
As you read the scroll of blinking, it crumbles to dust.
There is a stone staircase leading down here.
You climb downwards.
You hear the sound of rushing water.
There is an entrance to a sewer on this level.
Hurry and find it before the portal rusts away!
There is a stone staircase leading up here.
An ogre comes into view. It is wielding a +0 giant club.
The helpless ogre fails to defend itself.
You impale the ogre!!
The ogre is severely wounded.
Casting: Tukima's Dance (dangerous; 11% risk of failure)
Confirm with . or Enter, or press ? or * to list all spells.
Aiming: Tukima's Dance (dangerous; 11% risk of failure)
Press: ? - help, Shift-Dir - straight line, f - ogre
Aim: an ogre, wielding a +0 giant club (severely wounded, chance to affect: 49%)
The +0 giant club dances into the air!
The ogre closely misses you.
You barely miss the ogre. You kick the ogre.
The ogre is severely wounded.
The ogre hits you!
You die...

~~## #~#.###
~..#.# ..... .
...### .# .
##.(..# ..#
....#....###....
#.....O@........
.......#........
...#...#<.##....
. #...##..# ##
#... .## ..#. ..
##.## ##. #. ..
.#


You could see an ogre (ally target) and a friendly +0 giant club.

Vanquished Creatures
  7 adders
  4 gnolls
  3 worms (D:2)
  A dart slug (D:1)
  3 endoplasms
  3 giant cockroaches
  2 goblins (D:3)
  7 hobgoblins
  11 jackals
  3 quokkas (D:2)
  4 ball pythons
  4 bats
  3 frilled lizards
  4 kobolds
  6 rats
65 creatures vanquished.

Vanquished Creatures (collateral kills)
  Blork the orc (D:4)
  A gnoll (D:3)
  A goblin (D:4)
3 creatures vanquished.

Vanquished Creatures (others)
  A dancing weapon (D:3)
1 creature vanquished.

Grand Total: 69 creatures vanquished

Notes
Turn   | Place    | Note
-------+----------+-------------------------------------------
     0 | D:1      | Esekla the Demonspawn Enchanter began the quest for the
                  | Orb.
     0 | D:1      | Reached XP level 1. HP: 13/13 MP: 3/3
   359 | D:1      | Gained mutation: You have large cloven feet. [demonic
                  | ancestry]
   359 | D:1      | Reached XP level 2. HP: 7/20 MP: 5/5
   959 | D:2      | You fall into a shaft and drop 2 floors!
   986 | D:4      | Reached skill level 1 in Fighting
   986 | D:4      | Reached skill level 1 in Short Blades
   986 | D:4      | Gained mutation: You are surrounded by a mild repulsion
                  | field. (EV +2) [demonic ancestry]
   986 | D:4      | Reached XP level 3. HP: 15/26 MP: 6/6
  1876 | D:2      | Gained mutation: You are surrounded by a moderate repulsion
                  | field. (EV +3) [demonic ancestry]
  1876 | D:2      | Reached XP level 4. HP: 23/32 MP: 7/7
  2123 | D:2      | Learned a level 1 spell: Apportation
  2273 | D:2      | Learned a level 3 spell: Tukima's Dance
  3255 | D:3      | Gained mutation: You are surrounded by a strong repulsion
                  | field. (EV +4, RMsl) [demonic ancestry]
  3255 | D:3      | Reached XP level 5. HP: 37/37 MP: 5/9
  3365 | D:3      | Found a sparkling altar of Nemelex Xobeh.
  3828 | D:4      | Found a hide-covered altar of Uskayaw.
  3872 | D:4      | Noticed Blork the orc
  3875 | D:4      | Noticed a black bear
  3898 | D:4      | Killed Blork the orc
  3928 | D:5      | Entered Level 5 of the Dungeon
  3929 | D:5      | Noticed an ogre
  3933 | D:5      | Slain by an ogre

Illustrated notes

Levels and vault maps discovered:
D:1:      dpeg_arrival_solitude, layout_basic
D:2:      layout_basic, minmay_ruptured
D:3:      layout_basic, mainiacjoe_overflow_six_doors_small, minivault_14,
          chequers_serial_rivers_small_3, roderic_roman_lattice,
          chequers_serial_rivers_micro_e
D:4:      layout_cave_pools, amcnicky_altar_gilded, lemuel_round_altar,
          nicolae_uskayaw_murder_on_the_dancefloor,
          minmay_temple_entry_drinking_statues, amcnicky_mini_pool_small,
          minmay_fractal_squares_diagonal_5, uniq_ijyb, uniq_blork_the_orc
D:5:      layout_cave_pools, kennysheep_mini_moat, cheibrodos_sewer_entry_bend

Skill      XL: |  1  2  3  4  5 |
---------------+----------------+-----
Stealth        | 3 |  3.3
Dodging        | 2 |  2.9
Fighting       | 1 2 |  2.0
Short Blades   | 1 2 |  2.0
Spellcasting   | 3 |  3.2
Throwing       | |  0.3
Hexes          | |  3.5
Translocations | |  0.7

Action                     |  1- 3 |  4- 6 || total
---------------------------+-------+-------++-------
  Melee: Dagger            |   191 |   149 ||   340
         Kick              |    33 |    48 ||    81
         Punch             |     2 |     1 ||     3
  Throw: Dart              |       |     2 ||     2
   Cast: Apportation       |       |    17 ||    17
         Tukima's Dance    |       |    10 ||    10
    Use: Potion            |     4 |     1 ||     5
         Scroll            |       |     3 ||     3
   Stab: Sleeping          |     2 |     3 ||     5
         Distracted        |       |     1 ||     1
 Armour: Robe              |    33 |    17 ||    50
  Dodge: Dodged            |   149 |    99 ||   248
